 Dungeon Crawl Stone Soup version 0.27-a0-906-g0a00ce863d (webtiles) character file.

Game seed: 8789551674901694358

318 mhtbhm the Cudgeller (level 6, 0/39 HPs)
             Began as a Gargoyle Berserker on Apr 6, 2021.
             Was a Priest of Trog.
             Slain by an orc
             ... wielding a +0 mace
              (8 damage)
             ... on level 4 of the Dungeon.
             The game lasted 00:04:49 (3970 turns).

mhtbhm the Cudgeller (Gargoyle Berserker)           Turns: 3970, Time: 00:04:49

Health: 0/39       AC: 11    Str: 22    XL:     6   Next: 45%
Magic:  6/6        EV: 10    Int:  8    God:    Trog [***...]
Gold:   48         SH:  0    Dex:  9    Spells: 5/5 levels left

rFire    . . .     SeeInvis .   a - +0 mace
rCold    . . .     Faith    .   (no shield)
rNeg     + . .     Spirit   .   b - +0 scale mail
rPois    ∞         Reflect  .   (no helmet)
rElec    +         Harm     .   (no cloak)
rCorr    .         Rampage  .   (no gloves)
Will     .....                  (no boots)
Stlth    ..........             (no amulet)
HPRegen  0.13/turn              (no ring)
MPRegen  0.10/turn              (no ring)

@: on berserk cooldown
A: AC +4, negative energy resistance 1, electricity resistance, torment
resistance 1, unbreathing 1, petrification resistance
a: Renounce Religion, Berserk, Trog's Hand


You were on level 4 of the Dungeon.
You worshipped Trog.
Trog was most pleased with you.
You visited 1 branch of the dungeon, and saw 4 of its levels.

You collected 130 gold pieces.
You spent 82 gold pieces at shops.

Inventory:

Hand Weapons
 a - a +0 mace (weapon)
Armour
 b - a +0 scale mail (worn)
Scrolls
 d - 2 scrolls of teleportation
 e - 2 scrolls of enchant armour
 g - a scroll of amnesia {unknown}
 i - 2 scrolls of magic mapping
 k - a scroll of identify
Potions
 h - a potion of cancellation {unknown}
 j - a potion of invisibility {unknown}
 l - a potion of degeneration {unknown}


   Skills:
 + Level 4.3 Fighting
 + Level 5.2 Maces & Flails
 + Level 3.6 Armour
 + Level 2.3 Dodging
 + Level 1.3 Stealth


You had 5 spell levels left.
You didn't know any spells.
Your spell library was empty.

Dungeon Overview and Level Annotations

Branches:
Dungeon (4/15)
 Temple: D:4-7

Altars:
Elyvilon
Xom

Shops:
D:3 ?


Innate Abilities, Weirdness & Mutations

Your stone body is resilient. (AC +4)
You are immune to poison.
You resist negative energy. (rN+)
You are resistant to electric shocks. (rElec)
You are resistant to unholy torment.
You can survive without breathing.
You are immune to petrification.


Message History

* * * LOW HITPOINT WARNING * * *
You hit the orc.
The orc is moderately wounded.
The orc barely misses you. The orc hits you but does no damage. x2
Unknown command.
You closely miss the orc.
The orc is moderately wounded.
You feel yourself speed up. The orc hits you with a +0 hand axe.
* * * LOW HITPOINT WARNING * * *
The orc barely misses you. The orc closely misses you.
The orc hits you but does no damage.
Throw: dart (datura)
Press: ? - help, Q - select action, (/) - cycle Shift-Dir - straight line, f - orc
Aim: an orc, wielding a +0 mace, wearing a +0 chain mail and quivering boomerangs (severely wounded, 64% to hit, chance to frenzy on hit: 100%)
You throw a datura-tipped dart. The datura-tipped dart hits the orc.
The orc flies into a frenzy!
The orc is severely wounded.
The orc closely misses you. x2
The orc hits the orc but does no damage.
You hit the orc.
The orc is heavily wounded.
The orc hits the orc with a +0 mace.
The orc dies!
Trog accepts your kill. The orc misses you.
The orc shouts!
The orc barely misses you. The orc barely misses you.
The orc refuses to make way for you. (Use ctrl+direction or * direction to attack.) Unknown command.
Press: ? - help, v - describe, . - travel
Here: an orc, wielding a +0 mace, wearing a +0 chain mail and quivering boomerangs (severely wounded, fast, strong, frenzied and insane)
The floor.
The orc shouts!
The orc hits you with a +0 mace.
* * * LOW HITPOINT WARNING * * *
The orc barely misses you. The orc hits you with a +0 mace!
You die...

# ## ..###.#
.......###### ###
...........)####.##
#.........)÷.##...#
#..≈≈≈≈≈...####...#
##≈≈...≈≈......o..#
##≈.....≈.)(...@.##
..≈.._..≈)))#...##
..≈..☼○.≈#.##..##
..≈≈...≈≈#......#
.##≈≈≈≈≈........#
#......##....#.
#.......#...##..
#.#.#........ ..#
#.###.........


You could see a neutral orc (fast, strong, insane).

Vanquished Creatures
  A jelly (D:3)
  A hound (D:4)
  Jessica (D:3)
  An orc wizard (D:4)
  A hound skeleton (D:3)
  6 adders
  2 gnolls (D:4)
  An adder zombie (D:4)
  A worm (D:3)
  7 dart slugs
  9 ball pythons
  5 bats
  10 endoplasms
  8 giant cockroaches
  7 goblins
  5 hobgoblins
  12 jackals
  2 quokkas
  4 frilled lizards
  3 kobolds
  7 rats
94 creatures vanquished.

Vanquished Creatures (collateral kills)
  2 orcs (D:4)
2 creatures vanquished.

Vanquished Creatures (others)
  2 orcs (D:4)
  A ball python (D:4)
3 creatures vanquished.

Grand Total: 99 creatures vanquished

Notes
Turn   | Place    | Note
-------+----------+-------------------------------------------
     0 | D:1      | mhtbhm the Gargoyle Berserker began the quest for the Orb.
     0 | D:1      | Reached XP level 1. HP: 14/14 MP: 1/1
   212 | D:1      | Reached XP level 2. HP: 16/19 MP: 2/2
   517 | D:1      | Found a faded altar of an unknown god.
   805 | D:1      | Reached XP level 3. HP: 24/24 MP: 3/3
  1020 | D:1      | Reached ** piety under Trog
  1862 | D:2      | Reached XP level 4. HP: 21/29 MP: 4/4
  1995 | D:2      | Found a white marble altar of Elyvilon.
  2028 | D:2      | Reached skill level 1 in Stealth
  2767 | D:2      | Reached skill level 4 in Maces & Flails
  3034 | D:3      | Found Jeagucza's Magic Scroll Boutique.
  3041 | D:3      | Bought a scroll of magic mapping for 38 gold pieces
  3041 | D:3      | Bought a scroll of identify for 22 gold pieces
  3041 | D:3      | Bought a scroll of identify for 22 gold pieces
  3064 | D:3      | Reached XP level 5. HP: 33/33 MP: 5/5
  3394 | D:3      | Noticed Jessica
  3396 | D:3      | Killed Jessica
  3686 | D:4      | Found a shimmering altar of Xom.
  3695 | D:4      | Reached *** piety under Trog
  3702 | D:4      | Reached XP level 6. HP: 38/38 MP: 6/6
  3704 | D:4      | Reached skill level 5 in Maces & Flails
  3970 | D:4      | Slain by an orc

Illustrated notes

Levels and vault maps discovered:
D:1:      ncdulo_wetmaze, layout_basic, serial_curves, eino_curves_04,
          eino_curves_03, shapermc_ecumenical_altar_venn,
          roderic_serpentine_path
D:2:      layout_loops_ring, basic_altar
D:3:      minmay_chambers_of_twos, layout_loops_ring, serial_shops,
          nicolae_shop_competitors_out_of_business, uniq_jessica
D:4:      layout_cave_pools, xom_confusion_cloud, serial_undead,
          serial_undead_a, serial_undead_f, serial_undead_a, serial_undead_d,
          serial_undead_c, uniq_crazy_yiuf_cottage

Skill      XL: |  1  2  3  4  5  6 |
---------------+-------------------+-----
Dodging        | 2 |  2.3
Stealth        | 1 |  1.3
Fighting       | 4 |  4.3
Maces & Flails | 4 5 |  5.2
Armour         | 3 |  3.6

Action                   |  1- 3 |  4- 6 || total
-------------------------+-------+-------++-------
Melee: Mace              |   125 |   215 ||   340
Throw: Dart              |       |     2 ||     2
Invok: Berserk           |     3 |     2 ||     5
  Use: Scroll            |       |     4 ||     4
       Potion            |       |     1 ||     1
Armor: Animal skin       |     5 |       ||     5
       Scale mail        |    65 |   164 ||   229
Dodge: Dodged            |    90 |   171 ||   261

Table legend: (Time is in decaauts)
 A = Elapsed time spent in this place.
 B = Non-inter-level travel time spent in this place.
 C = Inter-level travel time spent in this place.
 D = Time resting spent in this place.
 E = Time spent auto-exploring this place.
 F = Levels seen in this place.
 G = Mean time per level.
                   A        B        C        D        E       F      G
               +--------+--------+--------+--------+--------+-----+--------+
         Total |   4088 |   4059 |     29 |    432 |   2659 |   4 | 1022.0 |
       Dungeon |   4088 |   4059 |     29 |    432 |   2659 |   4 | 1022.0 |
               +--------+--------+--------+--------+--------+-----+--------+

Top non-repeatable levels by time:
     D:1: 1910 daAuts
     D:2: 947 daAuts
     D:3: 924 daAuts
     D:4: 306 daAuts
